Workbook

Sheet How to use
B1: Vending Machine Revenue
B2: A free vending revenue spreadsheet: track collected, cost, and profit per machine and location to rank profitability, in Google Sheets and Excel.
B4: Quick start
A5: 1 | B5: Open the Collections tab and replace the sample rows with your own — one row per entry. Formulas fill in automatically for new rows.
A6: 2 | B6: Log each collection with cash, card sales and restock cost; Machine profit to date ranks locations.
A7: 3 | B7: Low earners after a few months should be moved; note card-reader fees if your provider charges per swipe.
A8: 4 | B8: Keep a backup copy before restructuring columns; renaming a header is safe, deleting a column used in formulas is not.
B10: Colour key
B11: Yellow cells: type your numbers here.
B12: Grey cells: calculated automatically. Leave them alone.
B13: Red highlight: overdue or below a limit. Needs attention.
B14: Amber highlight: getting close. Check soon.
B16: Sample rows are examples. Overwrite or delete them. Formulas extend to new rows automatically. Works in Excel and Google Sheets (File → Import).

Sheet Collections
A1: Collection date | B1: Machine | C1: Location | D1: Cash collected | E1: Card sales | F1: Product cost (restock) | G1: Location commission % | H1: Revenue | I1: Commission | J1: Profit | K1: Machine profit to date
A2: 46294 | B2: V-01 | C2: Harbor Gym | D2: 180 | E2: 320 | F2: 210 | G2: 0.1 | H2: =IF($A2="","",(D2+E2)) -> 500 | I2: =IF($A2="","",ROUND((H2*G2),2)) -> 50 | J2: =IF($A2="","",((H2-F2)-I2)) -> 240 | K2: =IF($A2="","",SUMIFS('Collections'!$J$2:$J$201,'Collections'!$B$2:$B$201,B2)) -> 485
A3: 46294 | B3: V-02 | C3: Auto shop waiting room | D3: 95 | E3: 60 | F3: 70 | G3: 0 | H3: =IF($A3="","",(D3+E3)) -> 155 | I3: =IF($A3="","",ROUND((H3*G3),2)) -> 0 | J3: =IF($A3="","",((H3-F3)-I3)) -> 85 | K3: =IF($A3="","",SUMIFS('Collections'!$J$2:$J$201,'Collections'!$B$2:$B$201,B3)) -> 170
A4: 46301 | B4: V-01 | C4: Harbor Gym | D4: 160 | E4: 340 | F4: 205 | G4: 0.1 | H4: =IF($A4="","",(D4+E4)) -> 500 | I4: =IF($A4="","",ROUND((H4*G4),2)) -> 50 | J4: =IF($A4="","",((H4-F4)-I4)) -> 245 | K4: =IF($A4="","",SUMIFS('Collections'!$J$2:$J$201,'Collections'!$B$2:$B$201,B4)) -> 485
A5: 46301 | B5: V-03 | C5: Apartment laundry | D5: 40 | E5: 25 | F5: 50 | G5: 0.05 | H5: =IF($A5="","",(D5+E5)) -> 65 | I5: =IF($A5="","",ROUND((H5*G5),2)) -> 3.25 | J5: =IF($A5="","",((H5-F5)-I5)) -> 11.75 | K5: =IF($A5="","",SUMIFS('Collections'!$J$2:$J$201,'Collections'!$B$2:$B$201,B5)) -> 11.75
A6: 46301 | B6: V-02 | C6: Auto shop waiting room | D6: 88 | E6: 72 | F6: 75 | G6: 0 | H6: =IF($A6="","",(D6+E6)) -> 160 | I6: =IF($A6="","",ROUND((H6*G6),2)) -> 0 | J6: =IF($A6="","",((H6-F6)-I6)) -> 85 | K6: =IF($A6="","",SUMIFS('Collections'!$J$2:$J$201,'Collections'!$B$2:$B$201,B6)) -> 170
H7: =IF($A7="","",(D7+E7)) | I7: =IF($A7="","",ROUND((H7*G7),2)) | J7: =IF($A7="","",((H7-F7)-I7)) | K7: =IF($A7="","",SUMIFS('Collections'!$J$2:$J$201,'Collections'!$B$2:$B$201,B7))
H8: =IF($A8="","",(D8+E8)) | I8: =IF($A8="","",ROUND((H8*G8),2)) | J8: =IF($A8="","",((H8-F8)-I8)) | K8: =IF($A8="","",SUMIFS('Collections'!$J$2:$J$201,'Collections'!$B$2:$B$201,B8))
H9: =IF($A9="","",(D9+E9)) | I9: =IF($A9="","",ROUND((H9*G9),2)) | J9: =IF($A9="","",((H9-F9)-I9)) | K9: =IF($A9="","",SUMIFS('Collections'!$J$2:$J$201,'Collections'!$B$2:$B$201,B9))
H10: =IF($A10="","",(D10+E10)) | I10: =IF($A10="","",ROUND((H10*G10),2)) | J10: =IF($A10="","",((H10-F10)-I10)) | K10: =IF($A10="","",SUMIFS('Collections'!$J$2:$J$201,'Collections'!$B$2:$B$201,B10))
H11: =IF($A11="","",(D11+E11)) | I11: =IF($A11="","",ROUND((H11*G11),2)) | J11: =IF($A11="","",((H11-F11)-I11)) | K11: =IF($A11="","",SUMIFS('Collections'!$J$2:$J$201,'Collections'!$B$2:$B$201,B11))
H12: =IF($A12="","",(D12+E12)) | I12: =IF($A12="","",ROUND((H12*G12),2)) | J12: =IF($A12="","",((H12-F12)-I12)) | K12: =IF($A12="","",SUMIFS('Collections'!$J$2:$J$201,'Collections'!$B$2:$B$201,B12))
H13: =IF($A13="","",(D13+E13)) | I13: =IF($A13="","",ROUND((H13*G13),2)) | J13: =IF($A13="","",((H13-F13)-I13)) | K13: =IF($A13="","",SUMIFS('Collections'!$J$2:$J$201,'Collections'!$B$2:$B$201,B13))
H14: =IF($A14="","",(D14+E14)) | I14: =IF($A14="","",ROUND((H14*G14),2)) | J14: =IF($A14="","",((H14-F14)-I14)) | K14: =IF($A14="","",SUMIFS('Collections'!$J$2:$J$201,'Collections'!$B$2:$B$201,B14))
H15: =IF($A15="","",(D15+E15)) | I15: =IF($A15="","",ROUND((H15*G15),2)) | J15: =IF($A15="","",((H15-F15)-I15)) | K15: =IF($A15="","",SUMIFS('Collections'!$J$2:$J$201,'Collections'!$B$2:$B$201,B15))
H16: =IF($A16="","",(D16+E16)) | I16: =IF($A16="","",ROUND((H16*G16),2)) | J16: =IF($A16="","",((H16-F16)-I16)) | K16: =IF($A16="","",SUMIFS('Collections'!$J$2:$J$201,'Collections'!$B$2:$B$201,B16))
H17: =IF($A17="","",(D17+E17)) | I17: =IF($A17="","",ROUND((H17*G17),2)) | J17: =IF($A17="","",((H17-F17)-I17)) | K17: =IF($A17="","",SUMIFS('Collections'!$J$2:$J$201,'Collections'!$B$2:$B$201,B17))
H18: =IF($A18="","",(D18+E18)) | I18: =IF($A18="","",ROUND((H18*G18),2)) | J18: =IF($A18="","",((H18-F18)-I18)) | K18: =IF($A18="","",SUMIFS('Collections'!$J$2:$J$201,'Collections'!$B$2:$B$201,B18))
... H201: =IF($A201="","",(D201+E201)) | I201: =IF($A201="","",ROUND((H201*G201),2)) | J201: =IF($A201="","",((H201-F201)-I201)) | K201: =IF($A201="","",SUMIFS('Collections'!$J$2:$J$201,'Collections'!$B$2:$B$201,B201))

Sheet Route
A1: Item | B1: Value | C1: Notes
A2: Totals
A3: Revenue | B3: =SUM('Collections'!$H$2:$H$201) -> 1380
A4: Profit | B4: =SUM('Collections'!$J$2:$J$201) -> 666.75
A5: Machines
A6: Best machine (profit) | B6: =MAX('Collections'!$K$2:$K$201) -> 485
